 Dungeon Crawl Stone Soup version 0.31-a0-217-g58bb5d79cf (webtiles) character file.

Game seed: 2033469855328247627

913 Majang the Cudgeller (level 7, 0/56 (57) HPs)
             Began as a Demonspawn Berserker on July 3, 2023.
             Was a Priest of Trog.
             Succumbed to a water moccasin's poison
             ... on level 5 of the Dungeon.
             The game lasted 00:20:44 (3750 turns).

Majang the Cudgeller (Demonspawn Berserker)         Turns: 3750, Time: 00:20:45

HP:   0/56 (57)     AC:  9    Str: 19    XL:     7   Next: 82%
MP:   7/7           EV:  8    Int:  9    God:    Trog [***...]
Gold: 273           SH:  0    Dex: 12    Spells: 6/6 levels left

rFire   . . .        c - +1 mace
rCold   . . .        (no shield)
rNeg    . . .        i - +0 chain mail
rPois   .            l - +0 hat
rElec   .            (no cloak)
rCorr   .            g - +0 pair of gloves
SInv    .            (no boots)
Will    .....        (no amulet) Stlth
                     (no ring)
HPRegen 0.29/turn    (no ring)
MPRegen 0.10/turn

%: no passive effects
@: confused, lethally poisoned (0 -> -20), ambrosia-drunk, lightly drained
A: antennae 1, powered by death 1, powered by pain 2
a: Renounce Religion, Berserk, Trog's Hand


You were on level 5 of the Dungeon.
You worshipped Trog.
Trog was most pleased with you.
You visited 1 branch of the dungeon, and saw 5 of its levels.

You collected 273 gold pieces.

Inventory:

Hand Weapons
 c - a +1 mace (weapon)
Missiles
 t - 5 poisoned darts
Armour
 g - a +0 pair of gloves (worn)
 i - a +0 chain mail (worn)
 l - a +0 hat (worn)
Jewellery
 o - a ring of fire
Scrolls
 a - 2 scrolls of revelation
 d - 2 scrolls of teleportation
 e - a scroll of butterflies {unknown}
 m - a scroll of enchant weapon
Potions
 f - a potion of cancellation
 h - a potion of brilliance
 j - 2 potions of might
 k - a potion of curing {unknown}
 u - a potion of mutation


   Skills:
 + Level 5.8 Fighting
 * Level 6.2 Maces & Flails
 + Level 0.4 Throwing
 + Level 2.0 Armour
 + Level 2.0 Dodging
 - Level 3.1 Unarmed Combat


You had 6 spell levels left.
You didn't know any spells.
Your spell library was empty.

Dungeon Overview and Level Annotations

Branches:
Dungeon (5/15)             Temple (0/1) D:5

Altars:
Cheibriados


Innate Abilities, Weirdness & Mutations

You have a pair of small antennae on your head.
You regenerate a little health from kills.
You sometimes gain power by taking damage.


Message History

The water moccasin is heavily wounded.
The water moccasin bites you.
You are poisoned.
The water moccasin poisons you! The water moccasin barely misses you.
You sock the water moccasin!
The water moccasin is almost dead.
You feel very sick. The water moccasin barely misses you.
You miss the water moccasin.
The water moccasin is almost dead.
You feel sick. The water moccasin bites you!
You are more poisoned.
The water moccasin poisons you! The water moccasin bites you.
You are more poisoned.
The water moccasin poisons you!
You closely miss the water moccasin.
The water moccasin is almost dead.
You feel extremely sick. The water moccasin barely misses you.
You hit the water moccasin but do no damage.
The water moccasin is almost dead.
You feel very sick. The water moccasin bites you.
The water moccasin barely misses you.
You closely miss the water moccasin.
The water moccasin is almost dead.
You feel very sick. The water moccasin bites you.
You are lethally poisoned!
The water moccasin poisons you!
You barely miss the water moccasin.
The water moccasin is almost dead.
* * * LOW HITPOINT WARNING * * *
You feel extremely sick. The water moccasin bites you.
* * * LOW HITPOINT WARNING * * *
The water moccasin bites you.
* * * LOW HITPOINT WARNING * * *
You are confused.
You feel invigorated.
You die...

##.#.## ##^##
#.....###...##
#...#..#..#..#
#..###...###.#
##...#..#..#..#
#..#...##....##
###.........####
##...#########
#.@### *#S##
***#.[* **,...#*
**,.###*
****..**
**,,,.**
**,,****
****,,**


You could see a water moccasin.

Vanquished Creatures
  Eustachio (D:4)
  A black bear (D:5)
  A centaur (D:5)
  2 ogres
  2 phantoms
  2 hounds (D:4)
  A jelly (D:5)
  2 orc wizards
  An iguana (D:5)
  3 adders
  3 worms
  2 dart slugs
  16 orcs
  8 ball pythons
  5 endoplasms
  3 giant cockroaches
  5 goblins
  4 hobgoblins
  2 jackals (D:5)
  6 bats
  2 frilled lizards
  8 kobolds
  4 rats
84 creatures vanquished.

Notes
Turn   | Place    | Note
-------+----------+-------------------------------------------
     0 | D:1      | Majang the Demonspawn Berserker began the quest for the
                  | Orb.
     0 | D:1      | Reached XP level 1. HP: 18/18 MP: 1/1
   280 | D:1      | Gained mutation: You regenerate a little health from kills.
                  | [demonic ancestry]
   280 | D:1      | Reached XP level 2. HP: 22/24 MP: 2/2
   885 | D:2      | Reached skill level 1 in Maces & Flails
   892 | D:2      | Reached ** piety under Trog
   898 | D:2      | Found a snail-covered altar of Cheibriados.
  1041 | D:2      | Gained mutation: You have a pair of small antennae on your
                  | head. [demonic ancestry]
  1041 | D:2      | Reached XP level 3. HP: 29/29 MP: 3/3
  1351 | D:3      | Reached skill level 2 in Maces & Flails
  1848 | D:3      | Reached XP level 4. HP: 5/37 MP: 4/4
  2201 | D:4      | Noticed Eustachio
  2201 | D:4      | Noticed an ogre
  2211 | D:4      | Reached skill level 3 in Maces & Flails
  2211 | D:4      | Gained mutation: You sometimes gain a little power by
                  | taking damage. [demonic ancestry]
  2211 | D:4      | Reached XP level 5. HP: 42/42 MP: 5/5
  2217 | D:4      | Killed an ogre
  2259 | D:4      | Killed Eustachio
  2260 | D:4      | Reached skill level 4 in Maces & Flails
  2260 | D:4      | Reached XP level 6. HP: 23/50 MP: 6/6
  2404 | D:4      | Reached *** piety under Trog
  2701 | D:4      | Reached skill level 5 in Fighting
  2914 | D:5      | Entered Level 5 of the Dungeon
  3017 | D:5      | Reached skill level 5 in Maces & Flails
  3017 | D:5      | Gained mutation: You sometimes gain power by taking damage.
                  | [demonic ancestry]
  3017 | D:5      | Reached XP level 7. HP: 46/56 MP: 7/7
  3032 | D:5      | HP: 1/42 [centaur (6)]
  3238 | D:4      | Reached skill level 6 in Maces & Flails
  3749 | D:5      | HP: 1/56 [water moccasin (6)]
  3750 | D:5      | Succumbed to a water moccasin's poison

Illustrated notes

Levels and vault maps discovered:
D:1:      denvon_arrival_planthouse, layout_loops_ring, minivault_4
D:2:      layout_basic, basic_altar
D:3:      layout_basic
D:4:      layout_rooms, uniq_eustachio
D:5:      layout_basic, minmay_temple_entry_junction, serial_glass,
          glass_columns_b, glass_columns_c, minmay_strange_pillars,
          due_unseen_surprise, feat_on_display

Skill      XL: |  1  2  3  4  5  6  7 |
---------------+----------------------+-----
Unarmed Combat | 3 |  3.1
Maces & Flails | 1 2 3 4 5 6 |  6.2
Fighting       | 4 5 |  5.8
Armour         | 2 |  2.0
Dodging        | 2 |  2.0
Throwing       | |  0.4

Action                     |  1- 3 |  4- 6 |  7- 9 || total
---------------------------+-------+-------+-------++-------
  Melee: Mace              |   121 |   161 |    54 ||   336
         Unarmed           |     6 |       |       ||     6
         Punch             |     3 |     1 |     1 ||     5
 Invoke: Berserk           |     1 |     2 |       ||     3
    Use: Potion            |       |     2 |     3 ||     5
         Scroll            |       |    11 |     1 ||    12
   Stab: Sleeping          |     2 |       |       ||     2
 Armour: Animal skin       |    14 |       |       ||    14
         Ring mail         |    21 |       |       ||    21
         Scale mail        |    14 |       |       ||    14
         Chain mail        |    12 |   136 |    19 ||   167
  Dodge: Dodged            |    74 |   101 |    36 ||   211

Table legend: (Time is in decaauts)
 A = Elapsed time spent in this place.
 B = Non-inter-level travel time spent in this place.
 C = Inter-level travel time spent in this place.
 D = Time resting spent in this place.
 E = Time spent auto-exploring this place.
 F = Levels seen in this place.
 G = Mean time per level.
                   A        B        C        D        E       F      G
               +--------+--------+--------+--------+--------+-----+--------+
         Total |   3870 |   3583 |    287 |    808 |    257 |   5 |  774.0 |
       Dungeon |   3870 |   3583 |    287 |    808 |    257 |   5 |  774.0 |
               +--------+--------+--------+--------+--------+-----+--------+

Top non-repeatable levels by time:
     D:3: 1011 daAuts
     D:4: 913 daAuts
     D:1: 804 daAuts
     D:5: 603 daAuts
     D:2: 538 daAuts
